% Time on Ice - WINNIPEG BEAVERS
Lines # - Real PCT - Wanted PCT - Time Play
Normal Forward
1 - 34% - 37% - 17:54
2 - 30% - 33% - 15:48
3 - 24% - 24% - 12:34
4 - 12% - 6% - 6:02
Normal Defense
1 - 28% - 34% - 14:33
2 - 31% - 33% - 16:26
3 - 31% - 29% - 16:18
4 - 10% - 4% - 5:01
PP Forward
1 - 64% - 53% - 1:16
2 - 36% - 47% - 0:43
PP Defense
1 - 64% - 53% - 1:16
2 - 36% - 47% - 0:43
PK Forward
1 - 45% - 51% - 2:34
2 - 55% - 49% - 3:09
PK Defense
1 - 58% - 52% - 3:18
2 - 42% - 48% - 2:25
PK3 Forward
1 - 0% - 55%
2 - 0% - 45%
PK3 Defense
1 - 0% - 52%
2 - 0% - 48%
44 Forward
1 - 0% - 52%
2 - 0% - 48%
44 Defense
1 - 0% - 50%
2 - 0% - 50%
Last Minute Offensive  - 0:00
Last Minute Defensive  - 0:00
Total
Forward - 60:00
Defense - 60:00
% Time on Ice - COLORADO GLACIERCATS
Lines # - Real PCT - Wanted PCT - Time Play
Normal Forward
1 - 35% - 35% - 18:20
2 - 35% - 35% - 18:32
3 - 26% - 26% - 13:51
4 - 3% - 4% - 1:35
Normal Defense
1 - 38% - 40% - 19:45
2 - 37% - 36% - 19:10
3 - 23% - 20% - 12:00
4 - 3% - 4% - 1:23
PP Forward
1 - 68% - 50% - 3:54
2 - 32% - 50% - 1:49
PP Defense
1 - 51% - 55% - 2:54
2 - 49% - 45% - 2:49
PK Forward
1 - 57% - 50% - 1:08
2 - 43% - 50% - 0:51
PK Defense
1 - 43% - 50% - 0:51
2 - 57% - 50% - 1:08
PK3 Forward
1 - 0% - 50%
2 - 0% - 50%
PK3 Defense
1 - 0% - 50%
2 - 0% - 50%
44 Forward
1 - 0% - 50%
2 - 0% - 50%
44 Defense
1 - 0% - 45%
2 - 0% - 55%
Last Minute Offensive  - 0:00
Last Minute Defensive  - 0:00
Total
Forward - 60:00
Defense - 60:00
Play-by-Play 1st period 0:01 of 1st period - Anze Kopitar wins face-off versus Brayden Schenn in neutral zone. 0:08 of 1st period - Luke Schenn is hit by Jamie Benn and loses puck. 0:33 of 1st period - Shot by Brayden Schenn. 0:33 of 1st period - Stopped by Andrei Vasilevskiy without a rebound. 0:34 of 1st period - Sam Bennett wins face-off versus Leon Draisaitl in COLORADO GLACIERCATS zone. 0:58 of 1st period - Off-side. 0:59 of 1st period - Alexander Wennberg wins face-off versus Brandon Tanev in neutral zone. 1:05 of 1st period - Alexander Wennberg is hit by Adam Larsson and loses puck. 1:16 of 1st period - Shot by Alexander Wennberg. 1:16 of 1st period - Shot Misses the Net. 1:22 of 1st period - Shot by Bryan Rust. 1:22 of 1st period - Shot Misses the Net. 1:39 of 1st period - Sean Kuraly is hit by Mario Ferraro and loses puck. 1:55 of 1st period - Minor Penalty to Trevor Lewis for Roughing. 1:56 of 1st period - Leon Draisaitl wins face-off versus Sam Bennett in WINNIPEG BEAVERS zone. 3:23 of 1st period - Shot by Jamie Benn. 3:23 of 1st period - Shot Misses the Net. 3:25 of 1st period - Shot by Devon Toews. 3:25 of 1st period - Shot Misses the Net. 3:27 of 1st period - Shot by Bryan Rust. 3:27 of 1st period - Shot Misses the Net. 3:29 of 1st period - Shot by Devon Toews. 3:29 of 1st period - Stopped by Ville Husso without a rebound. 3:30 of 1st period - Leon Draisaitl wins face-off versus Sam Bennett in WINNIPEG BEAVERS zone. 3:43 of 1st period - Shot by Tomas Hertl. 3:43 of 1st period - Stopped by Ville Husso with a rebound. 3:55 of 1st period - Shot by Tomas Hertl. 3:55 of 1st period - Shot Misses the Net. 4:09 of 1st period - Shot by Bryan Rust. 4:09 of 1st period - Goal by Bryan Rust - WINNIPEG BEAVERS : 0 - COLORADO GLACIERCATS : 1. 4:10 of 1st period - Anze Kopitar wins face-off versus Matthew Nieto in neutral zone. 5:23 of 1st period - Shot by Tomas Hertl. 5:23 of 1st period - Goal by Tomas Hertl - WINNIPEG BEAVERS : 0 - COLORADO GLACIERCATS : 2. 5:24 of 1st period - Alexander Wennberg wins face-off versus Brayden Schenn in neutral zone. 6:18 of 1st period - Icing by Adam Larsson. 6:19 of 1st period - Jonathan Audy-Marchessault wins face-off versus Leon Draisaitl in WINNIPEG BEAVERS zone. 6:21 of 1st period - Icing by Alexander DeBrincat. 6:22 of 1st period - Brayden Schenn wins face-off versus Leon Draisaitl in WINNIPEG BEAVERS zone. 6:26 of 1st period - Off-side. 6:27 of 1st period - Leon Draisaitl wins face-off versus Sam Bennett in neutral zone. 6:34 of 1st period - Shot by Tomas Hertl. 6:34 of 1st period - Deflect By Trevor Moore. 6:34 of 1st period - Shot Blocked by John Carlson. 6:46 of 1st period - Shot by Leon Draisaitl. 6:46 of 1st period - Stopped by Ville Husso without a rebound. 6:47 of 1st period - Sean Kuraly wins face-off versus Anze Kopitar in WINNIPEG BEAVERS zone. 7:05 of 1st period - Shot by Victor Hedman. 7:05 of 1st period - Stopped by Andrei Vasilevskiy without a rebound. 7:06 of 1st period - Sam Bennett wins face-off versus Leon Draisaitl in COLORADO GLACIERCATS zone. 7:11 of 1st period - Shot by Robert Fabbri. 7:11 of 1st period - Shot Blocked by Kristopher Letang. 7:31 of 1st period - Shot by Leon Draisaitl. 7:31 of 1st period - Shot Blocked by Sam Bennett. 8:11 of 1st period - Icing by Anze Kopitar. 8:12 of 1st period - Anze Kopitar wins face-off versus Brayden Schenn in COLORADO GLACIERCATS zone. 8:31 of 1st period - Tage Thompson is hit by Luke Schenn and loses puck. 9:12 of 1st period - Alexander Wennberg is hit by Luke Schenn and loses puck. 9:17 of 1st period - Shot by Bryan Rust. 9:17 of 1st period - Stopped by Ville Husso with a rebound. 9:19 of 1st period - Shot by Cole Perfetti. 9:19 of 1st period - Stopped by Ville Husso without a rebound. 9:20 of 1st period - Sean Kuraly wins face-off versus Leon Draisaitl in WINNIPEG BEAVERS zone. 9:40 of 1st period - Shot by Tomas Hertl. 9:40 of 1st period - Stopped by Ville Husso without a rebound. 9:41 of 1st period - Alexander Wennberg wins face-off versus Sam Bennett in WINNIPEG BEAVERS zone. 9:42 of 1st period - Shot by Bryan Rust. 9:42 of 1st period - Shot Misses the Net. 9:44 of 1st period - Shot by Bryan Rust. 9:44 of 1st period - Stopped by Ville Husso without a rebound. 9:45 of 1st period - Sam Bennett wins face-off versus Leon Draisaitl in WINNIPEG BEAVERS zone. 10:13 of 1st period - Icing by Erik Gustafsson. 10:14 of 1st period - Tage Thompson wins face-off versus Sam Bennett in WINNIPEG BEAVERS zone. 10:14 of 1st period - Vince Dunn is hit by John Carlson and loses puck. 10:15 of 1st period - Minor Penalty to Erik Gustafsson for Slashing. 10:16 of 1st period - Sean Kuraly wins face-off versus Anze Kopitar in WINNIPEG BEAVERS zone. 10:43 of 1st period - Shot by Kristopher Letang. 10:43 of 1st period - Stopped by Ville Husso without a rebound. 10:44 of 1st period - Leon Draisaitl wins face-off versus Sam Bennett in WINNIPEG BEAVERS zone. 10:44 of 1st period - Tage Thompson is hit by Luke Schenn. 10:48 of 1st period - Shot by Leon Draisaitl. 10:48 of 1st period - Shot Misses the Net. 10:50 of 1st period - Shot by Tage Thompson. 10:50 of 1st period - The goal is going for a video replay. 10:50 of 1st period - The goal is refused. 10:51 of 1st period - Tage Thompson wins face-off versus Sam Bennett in WINNIPEG BEAVERS zone. 10:54 of 1st period - Shot by Tomas Hertl. 10:54 of 1st period - Shot Blocked by Luke Schenn. 11:06 of 1st period - Shot by Tage Thompson. 11:06 of 1st period - Shot Misses the Net. 11:34 of 1st period - Leon Draisaitl is hit by Victor Hedman and loses puck. 12:07 of 1st period - Shot by Jamie Benn. 12:07 of 1st period - Shot Misses the Net. 12:09 of 1st period - Shot by Vince Dunn. 12:09 of 1st period - Shot Misses the Net. 12:11 of 1st period - Shot by Anze Kopitar. 12:11 of 1st period - Stopped by Ville Husso without a rebound. 12:12 of 1st period - Anze Kopitar wins face-off versus Sean Kuraly in WINNIPEG BEAVERS zone. 12:19 of 1st period - Shot by Bryan Rust. 12:19 of 1st period - Stopped by Ville Husso with a rebound. 12:29 of 1st period - Shot by Alexander DeBrincat. 12:29 of 1st period - Shot Misses the Net. 12:31 of 1st period - Shot by Brayden Schenn. 12:31 of 1st period - Shot Misses the Net. 16:18 of 1st period - Shot by Alexander DeBrincat. 16:18 of 1st period - Deflect By Jonathan Audy-Marchessault. 16:18 of 1st period - Shot Misses the Net. 16:20 of 1st period - Shot by Adam Larsson. 16:20 of 1st period - Shot Misses the Net. 16:26 of 1st period - Shot by Brayden Schenn. 16:26 of 1st period - Stopped by Andrei Vasilevskiy with a rebound. 16:46 of 1st period - Shot by Sam Bennett. 16:46 of 1st period - Deflect By Robert Fabbri. 16:46 of 1st period - Stopped by Andrei Vasilevskiy without a rebound. 16:47 of 1st period - Brandon Saad wins face-off versus Leon Draisaitl in COLORADO GLACIERCATS zone. 18:31 of 1st period - Shot by Tage Thompson. 18:31 of 1st period - Shot Misses the Net. 18:33 of 1st period - Shot by Anze Kopitar. 18:33 of 1st period - Deflect By Tage Thompson. 18:33 of 1st period - Shot Blocked by Sebastien Aho. 18:35 of 1st period - Shot by Devon Toews. 18:35 of 1st period - Shot Blocked by Adam Larsson. 18:58 of 1st period - Icing by Vince Dunn. 18:59 of 1st period - Brayden Schenn wins face-off versus Alexander Wennberg in COLORADO GLACIERCATS zone. 19:39 of 1st period - Victor Hedman is hit by Vince Dunn and loses puck. 19:59 of 1st period - Icing by Cole Perfetti. Goals for this period are 0 for WINNIPEG BEAVERS vs 2 for COLORADO GLACIERCATS. Shots for this period are 4 for WINNIPEG BEAVERS vs 13 for COLORADO GLACIERCATS. 2nd period 0:01 of 2nd period - Anze Kopitar wins face-off versus Sam Bennett in neutral zone. 1:13 of 2nd period - Icing by Erik Gustafsson. 1:14 of 2nd period - Leon Draisaitl wins face-off versus Brayden Schenn in WINNIPEG BEAVERS zone. 2:46 of 2nd period - Shot by Alexander Wennberg. 2:46 of 2nd period - Shot Blocked by Sebastien Aho. 2:48 of 2nd period - Shot by Cole Perfetti. 2:48 of 2nd period - Stopped by Ville Husso without a rebound. 2:49 of 2nd period - Sam Bennett wins face-off versus Adam Ruzicka in WINNIPEG BEAVERS zone. 3:53 of 2nd period - Alexander DeBrincat is hit by Trevor Moore and loses puck. 4:04 of 2nd pe